 Dungeon Crawl Stone Soup version 0.26-b1-32-g5d43845318 (webtiles) character file.

Game seed: 15559263969134439856

67 Borgoz the Cudgeller (level 4, -7/27 HPs)
             Began as a Gargoyle Gladiator on Jan 11, 2021.
             Killed by divine providence
             ... invoked by an orc priest
              (14 damage)
             ... on level 3 of the Dungeon.
             The game lasted 00:02:03 (1765 turns).

Borgoz the Cudgeller (Gargoyle Gladiator)           Turns: 1765, Time: 00:02:04

Health: -7/27      AC:  7    Str: 18    XL:     4   Next: 18%
Magic:  4/4        EV: 12    Int: 14    God:
Gold:   150        SH:  3    Dex: 12    Spells: 3/3 levels left

rFire    . . .     SeeInvis .   a - +0 flail
rCold    . . .     Faith    .   g - +0 buckler
rNeg     + . .     Spirit   .   b - +0 leather armour
rPois    ∞         Reflect  .   c - +0 helmet
rElec    +         Harm     .   (no cloak)
rCorr    .         Rampage  .   (no gloves)
Will     .....                  (no boots)
Stlth    +.........             (no amulet)
HPRegen  0.09/turn              h - +6 ring of intelligence
MPRegen  0.09/turn              (no ring)

@: no status effects
A: negative energy resistance 1, electricity resistance, unbreathing,
petrification resistance, miasma immunity, AC +3
a: no special abilities


You were on level 3 of the Dungeon.
You visited 1 branch of the dungeon, and saw 3 of its levels.

You collected 150 gold pieces.

Inventory:

Hand Weapons
 a - a +0 flail (weapon)
Missiles
 d - 3 throwing nets (quivered)
Armour
 b - a +0 leather armour (worn)
 c - a +0 helmet (worn)
 g - a +0 buckler (worn)
Jewellery
 h - a +6 ring of intelligence (left hand)
 n - a +4 ring of protection {unknown}
Scrolls
 e - 2 scrolls of fog {unknown}
 f - 2 scrolls of remove curse {unknown}
 k - a scroll of identify {unknown}
 l - a scroll of enchant armour {unknown}
Potions
 i - a potion of curing {unknown}
 j - a potion of degeneration {unknown}
 m - a potion of magic {unknown}


   Skills:
 + Level 2.8 Fighting
 * Level 3.7 Maces & Flails
 - Level 1.7 Throwing
 + Level 1.2 Armour
 * Level 3.0 Dodging


You had 3 spell levels left.
You didn't know any spells.
Your spell library was empty.

Dungeon Overview and Level Annotations

Branches:
Dungeon (3/15)

Altars:
Nemelex Xobeh


Innate Abilities, Weirdness & Mutations

You are resistant to torment.
Your stone body is resilient. (AC +3)
You are immune to poison.
You resist negative energy. (rN+)
You are resistant to electric shocks. (rElec)
You can survive without breathing.
You are immune to petrification.
You are immune to miasma.


Message History

The orc hits you but does no damage.
The orc priest hits you with a +0 dagger.
You barely miss the orc priest. The orc barely misses you.
The orc priest barely misses you.
You hit the orc priest.
The orc priest is lightly wounded.
The orc hits you with a +4 short sword. The orc hits you but does no damage.
The orc priest barely misses you.
You are too injured to fight recklessly!
You are too injured to fight recklessly!
You are too injured to fight recklessly!
You hit the orc priest but do no damage.
The orc priest is lightly wounded.
The orc hits you with a +4 short sword.
* * * LOW HITPOINT WARNING * * *
The orc barely misses you.
The orc priest invokes the aid of Beogh against you.
Beogh smites you!
Ouch! That really hurt!
You die...

#.#### ##.....## ... #.#
##...## #.# ##+## #.#
#.# #.# #.# #.# ##.##
###.#### ##...##
.......# ###.[oo.###.#
.##.##.# #....@o....#
.##.##[#####.#.#)#.###.#
.##............#.# #
.#####.#####....... .#
#.# #####.## .#####.#
#.# .......# #.#
######## #.#


You could see an orc priest and 2 orcs.

Vanquished Creatures
  An adder (D:2)
  An ooze (D:2)
  A dart slug (D:2)
  2 leopard geckos (D:1)
  2 orcs (D:3)
  A giant cockroach (D:1)
  6 goblins
  8 hobgoblins
  7 kobolds
  5 bats
  A frilled lizard (D:1)
  11 rats
46 creatures vanquished.

Notes
Turn   | Place    | Note
-------+----------+-------------------------------------------
     0 | D:1      | Borgoz the Gargoyle Gladiator began the quest for the Orb.
     0 | D:1      | Reached XP level 1. HP: 12/12 MP: 1/1
   233 | D:1      | Reached XP level 2. HP: 18/18 MP: 2/2
   426 | D:1      | Found a sparkling altar of Nemelex Xobeh.
   625 | D:1      | Reached skill level 1 in Armour
   625 | D:1      | Reached XP level 3. HP: 22/22 MP: 3/3
  1532 | D:2      | Reached XP level 4. HP: 27/27 MP: 4/4
  1765 | D:3      | Killed from afar by an orc priest

Illustrated notes

Levels and vault maps discovered:
D:1:      dpeg_arrival_arbitrary_a, layout_rooms, nemelex_diamond_rough_becter
D:2:      layout_rooms
D:3:      layout_loops_corners

Skill      XL: |  1  2  3 |
---------------+----------+-----
Armour         | 1 |  1.2
Dodging        | 3 |  3.0
Fighting       | |  2.8
Maces & Flails | |  3.7
Throwing       | |  1.7

Action                   |  1- 3 |  4- 6 || total
-------------------------+-------+-------++-------
Melee: Flail             |   181 |    11 ||   192
Armor: Leather armour    |   121 |     2 ||   123
Dodge: Dodged            |   149 |     8 ||   157
Block: Buckler           |    33 |       ||    33
